 Dungeon Crawl Stone Soup version 0.21.1-1-g345015f (webtiles) character file.

70 Fang the Skirmisher (level 4, -2/43 HPs)
             Began as a Gargoyle Berserker on June 5, 2018.
             Was a Follower of Trog.
             Slain by a gnoll
             ... wielding a +0 flail
              (4 damage)
             ... on level 2 of the Dungeon.
             The game lasted 00:01:04 (989 turns).

Fang the Skirmisher (Gargoyle Berserker)             Turns: 989, Time: 00:01:04

Health: -2/43      AC:  5    Str: 27    XL:     4   Next: 22%
Magic:  4/4        EV: 12    Int:  7    God:    Trog [*.....]
Gold:   56         SH:  0    Dex:  9    Spells: 3/3 levels left

rFire    . . .     SeeInvis +   a - +0 hand axe
rCold    . . .     Gourm    .   (no shield)
rNeg     + . .     Faith    .   b - +0 animal skin
rPois    ∞         Spirit   .   (no helmet)
rElec    +         Reflect  .   (no cloak)
rCorr    .         Harm     .   (no gloves)
MR       .....                  (no boots)
Stlth    ..........             (no amulet)
HPRegen  0.14/turn              h - ring of see invisible
MPRegen  0.09/turn              i - ring of loudness (curse)

@: berserking (expiring), very quick
A: negative energy resistance 1, electricity resistance, unbreathing,
petrification resistance, rot immunity, AC +3
a: Berserk, Burn Spellbooks, Renounce Religion


You were on level 2 of the Dungeon.
You worshipped Trog.
Trog was aware of your devotion.
You were very hungry.

You visited 1 branch of the dungeon, and saw 2 of its levels.

You collected 56 gold pieces.

Inventory:

Hand Weapons
 a - a +0 hand axe (weapon)
Armour
 b - a +0 animal skin (worn)
Jewellery
 h - a ring of see invisible (left hand)
 i - a cursed ring of loudness (right hand)
Scrolls
 d - 2 scrolls of identify {unknown}
 e - 3 scrolls of remove curse {unknown}
 f - a scroll of noise {unknown}
 k - a scroll of fear {unknown}
 l - 3 scrolls of enchant weapon {unknown}
 n - a scroll of amnesia {unknown}
Potions
 g - a potion of might {unknown}
 j - a potion of agility {unknown}
 m - a potion of haste {unknown}
Comestibles
 c - 4 rations


   Skills:
 + Level 4.1 Fighting
 + Level 3.4 Axes
 + Level 2.3 Armour
 + Level 2.3 Dodging


You had 3 spell levels left.
You didn't know any spells.

Dungeon Overview and Level Annotations

Branches:
Dungeon (2/15)

Altars:


Innate Abilities, Weirdness & Mutations

You are resistant to torment.
Your stone body is resilient. (AC +3)
You are immune to poison.
You resist negative energy. (rN+)
You are resistant to electric shocks. (rElec)
You can survive without breathing.
You are immune to petrification.
You are immune to rotting.


Message History

You hit the gnoll. x2; The gnoll hits you with a club.
* * * LOW HITPOINT WARNING * * *
The gnoll misses you. The adder barely misses you.
The gnoll closely misses you.
Found a club.
Things that are here:
a halberd; a gnoll corpse Unknown command.
You closely miss the gnoll.
The gnoll is moderately wounded.
You slash the gnoll!
You kill the gnoll!
Trog accepts your kill.
You have reached level 4!
You feel stronger.
You slash the adder!
You kill the adder!
Trog accepts your kill. The gnoll hits you with a flail.
You die...

#) #. ### .## #.. ..#
#.# # #.# #.# .# #.#
#.####...###
#.###.#....# ..#.
#g@)....##...#.#.##
#...........##.....
#)############.###.
#........# #.# #.
.......######.#####.###.
######## #.).........
############


You could see a gnoll.

Vanquished Creatures
  An adder (D:2)
  3 gnolls (D:2)
  A worm (D:2)
  A dart slug (D:1)
  A leopard gecko (D:1)
  4 bats
  A giant cockroach (D:2)
  4 goblins
  4 hobgoblins
  2 jackals (D:1)
  A frilled lizard (D:1)
  2 kobolds (D:1)
  A rat (D:1)
26 creatures vanquished.

Notes
Turn   | Place    | Note
-------+----------+-------------------------------------------
     0 | D:1      | Fang the Gargoyle Berserker began the quest for the Orb.
     0 | D:1      | Reached XP level 1. HP: 14/14 MP: 1/1
   243 | D:1      | Reached XP level 2. HP: 16/19 MP: 2/2
   860 | D:2      | Reached XP level 3. HP: 17/23 MP: 3/3
   987 | D:2      | Reached skill level 4 in Fighting
   989 | D:2      | Reached XP level 4. HP: 2/29 MP: 4/4
   989 | D:2      | Slain by a gnoll

Skill      XL: |  1  2  3 |
---------------+----------+-----
Axes           | 3 |  3.4
Dodging        | 2 |  2.3
Fighting       | 4 |  4.1
Armour         | |  2.3

Action                   |  1- 3 |  4- 6 || total
-------------------------+-------+-------++-------
Melee: Hand axe          |    94 |       ||    94
Invok: Berserk           |     1 |       ||     1
Armor: Animal skin       |    40 |       ||    40
Dodge: Dodged            |    85 |       ||    85
